 Dungeon Crawl Stone Soup version 0.30.0-29-ga12c61a403 (webtiles) character file.

Game seed: 13577743495477436995

92 qw the Chopper (level 4, -1/28 HPs)
             Began as a Gargoyle Fighter on June 4, 2023.
             Slain by a gnoll
             ... wielding a +0 halberd
              (2 damage)
             ... on level 2 of the Dungeon.
             The game lasted 00:00:50 (1448 turns).

qw the Chopper (Gargoyle Fighter)                   Turns: 1448, Time: 00:00:51

Health: -1/28      AC: 10    Str: 22    XL:     4   Next: 60%
Magic:  4/4        EV:  9    Int:  8    God:
Gold:   100        SH:  4    Dex:  9    Spells: 3/3 levels left

rFire   . . .        Y - +0 war axe (flame)
rCold   . . .        c - +0 buckler
rNeg    + . .        b - +0 scale mail
rPois   inf          (no helmet)
rElec   +            (no cloak)
rCorr   .            (no gloves)
SInv    .            (no boots)
Will    .....        (no amulet) Stlth
                     (no ring)
HPRegen 0.24/turn    (no ring)
MPRegen 0.09/turn

%: no passive effects
@: no status effects
A: sickness immunity, AC +3, negative energy resistance 1, electricity
resistance, torment resistance 1, petrification resistance
a: no special abilities


You were on level 2 of the Dungeon.
You visited 1 branch of the dungeon, and saw 2 of its levels.

You collected 100 gold pieces.


Innate Abilities, Weirdness & Mutations

You are immune to sickness and miasma.
Your stone body is resilient. (AC +3)
You are immune to poison.
You resist negative energy. (rN+)
You are resistant to electric shocks. (rElec)
You are resistant to unholy torment.
You are immune to petrification.


   Skills:
 - Level 3.2 Fighting
 + Level 4.2 Axes
 - Level 3.2 Armour
 - Level 3.2 Shields


You had 3 spell levels left.
You didn't know any spells.
Your spell library was empty.

Inventory:

Hand Weapons
 Y - a +0 war axe of flaming (weapon)
Armour
 b - a +0 scale mail (worn)
 c - a +0 buckler (worn)
 i - the +0 robe "Gitoen" {rF+ Regen+}
   (You found it on level 2 of the Dungeon)

   rF:        It protects you from fire.
   Regen:     It increases your rate of health regeneration.
Scrolls
 g - a scroll of noise {unknown}
 j - a scroll of identify
 k - a scroll of poison {unknown}
Potions
 a - a potion of heal wounds {unknown}
 d - a potion of might
 e - a potion of resistance {unknown}
 f - a potion of flight {unknown}
 h - a potion of curing {unknown}

Dungeon Overview and Level Annotations

Branches:
Dungeon (2/15)

Altars:


Message History

1432 ||| Stepping ~*~*~tactically~*~*~ (hiding).
You start waiting.
There are monsters nearby!
1434 ||| Stepping ~*~*~tactically~*~*~ (hiding).
1435 ||| Stepping ~*~*~tactically~*~*~ (hiding).
1437 ||| Stepping ~*~*~tactically~*~*~ (hiding).
Enter note:
Enter note:
Enter note:
Enter note:
Enter note:
Enter note:
Enter note:
Enter note:
Enter note:
Enter note:
Enter note:
Enter note: You slash the frilled lizard!
You burn the frilled lizard.
You kill the frilled lizard!
You hit the gnoll but do no damage. The gnoll hits you with a +0 whip.
You block the gnoll's attack. x2
You slash the gnoll! You burn the gnoll.
The gnoll is severely wounded.
You block the gnoll's attack.
You barely miss the gnoll.
The gnoll is severely wounded.
The gnoll hits you but does no damage. The gnoll barely misses you.
You hit the gnoll but do no damage.
The gnoll is severely wounded.
The gnoll hits you from afar with a +0 halberd!
The gnoll hits you with a +0 whip. x2; The gnoll hits you but does no damage.
You slash the gnoll! You burn the gnoll.
You kill the gnoll!
The gnoll hits you from afar with a +0 halberd.
The gnoll hits you but does no damage. The gnoll hits you with a +0 halberd.
You hit the gnoll. You burn the gnoll.
The gnoll is severely wounded.
The gnoll hits you with a +0 halberd.
You die...

##........<.#........#
............#...##...#
...............####..#
.#...................#
.....................#
...........#.........#
#..........#........##
................)..##
.........#####.#@..#
..#... #.##g## ..##..
#. #g# ..# # .. #.#
..# #.. #. #.#
..##...# ...........#
.....# ....(.......#
..######
.............#
........
.....g.......#


You could see 2 gnolls.

Vanquished Creatures
  Jessica (D:2)
  A gnoll (D:2)
  2 adders (D:2)
  2 dart slugs (D:1)
  4 bats
  4 endoplasms
  5 giant cockroaches
  2 quokkas
  3 ball pythons
  4 frilled lizards
  3 goblins (D:1)
  2 kobolds
  4 rats (D:1)
37 creatures vanquished.

Notes
Turn   | Place    | Note
-------+----------+-------------------------------------------
     0 | D:1      | qw the Gargoyle Fighter began the quest for the Orb.
     0 | D:1      | Reached XP level 1. HP: 14/14 MP: 1/1
     0 | D:1      | 0 ||| qw: Version: 0.2-a-107-g8a026e3
     0 | D:1      | 0 ||| qw: Game counter: 1172
     0 | D:1      | 0 ||| qw: Always use a shield: true
     0 | D:1      | 0 ||| qw: God list: Okawaru
     0 | D:1      | 0 ||| qw: Allow faded altars: false
     0 | D:1      | 0 ||| qw: Do Orc after D:15 true
     0 | D:1      | 0 ||| qw: Do second Lair branch before Depths: true
     0 | D:1      | 0 ||| qw: Lair rune preference: random
     0 | D:1      | 0 ||| qw: Plans: Normal, Zot:1-4, Slime:5, God:TSO, Crypt,
                  | Tomb, Abyss, Pan, Hells, Win
     0 | D:1      | 0 ||| PLANNING D:1-11
   119 | D:1      | Reached skill level 2 in Axes
   169 | D:1      | 169 ||| DROPPING +0 club.
   185 | D:1      | 185 ||| READING scroll labelled KOBBOPEE ESIU.
   188 | D:1      | Reached XP level 2. HP: 19/19 MP: 2/2
   188 | D:1      | 188 ||| DROPPING +0 mace.
   189 | D:1      | 189 ||| READING scroll labelled NUV AWEQOZUETAQU.
   371 | D:1      | 371 ||| READING scroll labelled MOJEDGH YMOSAYWN.
   723 | D:1      | Reached skill level 3 in Axes
   856 | D:1      | 856 ||| READING scroll labelled XOAXEPROUDO.
   987 | D:2      | Reached XP level 3. HP: 23/23 MP: 3/3
  1019 | D:2      | Noticed Jessica
  1021 | D:2      | 1021 ||| Stepping ~*~*~tactically~*~*~ (hiding).
  1024 | D:2      | 1024 ||| Stepping ~*~*~tactically~*~*~ (stealth).
  1025 | D:2      | 1025 ||| Stepping ~*~*~tactically~*~*~ (hiding).
  1027 | D:2      | 1027 ||| Stepping ~*~*~tactically~*~*~ (hiding).
  1038 | D:2      | Killed Jessica
  1039 | D:2      | Reached XP level 4. HP: 23/28 MP: 4/4
  1039 | D:2      | 1039 ||| FLEEEEING.
  1040 | D:2      | 1040 ||| FLEEEEING.
  1041 | D:2      | 1041 ||| FLEEEEING.
  1044 | D:2      | 1044 ||| STAIRDANCE
  1057 | D:1      | 1057 ||| READING scroll labelled TUICKO TOVID.
  1176 | D:2      | Reached skill level 4 in Axes
  1312 | D:2      | Identified the +0 robe "Gitoen" {rF+ Regen+}
  1431 | D:2      | 1431 ||| Stepping ~*~*~tactically~*~*~ (hiding).
  1432 | D:2      | 1432 ||| Stepping ~*~*~tactically~*~*~ (hiding).
  1434 | D:2      | 1434 ||| Stepping ~*~*~tactically~*~*~ (hiding).
  1435 | D:2      | 1435 ||| Stepping ~*~*~tactically~*~*~ (hiding).
  1437 | D:2      | 1437 ||| Stepping ~*~*~tactically~*~*~ (hiding).
  1446 | D:2      | HP: 2/28 [gnoll/+0 halberd (6)]
  1448 | D:2      | Slain by a gnoll

Levels and vault maps discovered:
D:1:      saegor_arrival_under_anarchy, layout_rooms, serial_co_window_serial,
          co_window_of_opportunity_a, co_window_of_opportunity_a,
          co_window_corner_a, co_window_corner_a, co_window_paths_a,
          co_window_2corner, co_window_unsneaky_path_a, co_window_broadway_c,
          co_window_of_opportunity_c, co_window_2corner, glass_columns_b,
          glass_columns_a, glass_columns_a, glass_columns_c
D:2:      layout_rooms, minmay_misc_feat_roman, minmay_quantized, uniq_jessica

Skill      XL: |  1  2  3  4 |
---------------+-------------+-----
Axes           | 2 3 4 |  4.2
Fighting       | |  3.2
Armour         | |  3.2
Shields        | |  3.2

Action                     |  1- 3 |  4- 6 || total
---------------------------+-------+-------++-------
  Melee: War axe           |    69 |    45 ||   114
    Use: Scroll            |     4 |     1 ||     5
 Armour: Scale mail        |    38 |    26 ||    64
  Dodge: Dodged            |    27 |    21 ||    48
  Block: Buckler           |    10 |    11 ||    21

Table legend:
 A = Non-vault XP
 B = Vault XP
 C = Vault XP percentage of total XP
 D = Non-vault monster count
 E = Vault monster count
 F = Vault count percentage of total count
                 A         B        C        D         E       F
            +---------+---------+-------+---------+---------+-------
      Total |      95 |      37 |  28.0 |      36 |       1 |   2.7
            +---------+---------+-------+---------+---------+-------
        D:1 |      33 |       0 |   0.0 |      20 |       0 |   0.0
        D:2 |      62 |      37 |  37.4 |      16 |       1 |   5.9
            +---------+---------+-------+---------+---------+-------
